 Dungeon Crawl Stone Soup version 0.28.0-55-gcd9437bce4 (webtiles) character file.

Game seed: 6393747427891675008

309008 AarnesTheHuman the Peltast (level 21, -11/223 (252) HPs)
             Began as a Gnoll Fighter on Dec 24, 2022.
             Was an Initiate of Gozag.
             Killed from afar by a black draconian knight (14 damage)
             ... with a bolt of lightning
             ... on level 1 of the Vaults on Dec 26, 2022.
             The game lasted 03:17:19 (61258 turns).

AarnesTheHuman the Peltast (Gnoll Fighter)         Turns: 61258, Time: 03:17:19

HP:   -11/223 (252) AC: 30    Str: 32    XL:     21   Next: 22%
MP:   15/47         EV: 12    Int: 14    God:    Gozag
Gold: 3026          SH: 24    Dex: 12    Spells: 18/47 levels left

rFire   + + .      SeeInvis +   a - +6 demon trident (elec)
rCold   + + +      Faith    .   W - +0 tower shield of the Everdark {Will+ rCorr MP+9}
rNeg    . . .      Spirit   .   E - +4 plate armour {Will+}
rPois   +          Reflect  +   h - +0 hat of Disappointment {rCorr Str+3}
rElec   +          Harm     .   r - scarf {rC+ rF+}
rCorr   +          Rampage  +   t - +4 pair of gloves "Ekhang" {rPois Regen+ Slay+2}
Will    +++..                   f - +2 pair of boots {rampage}
Stlth   ..........              Q - amulet "Petoumuu" {Reflect Int+4 SH+5}
HPRegen 1.27/turn               s - ring of Uxteigod {rC+ SInv}
MPRegen 0.30/turn               u - ring "Jickufirirch" {rElec rF+ rC+ Str+7 Int-2}

@: mighty, berserking, silenced, hasted, studying 3 skills, heavily drained,
very quick
A: fangs 1, strong nose, distributed training
}: 2/15 runes: serpentine, barnacled
a: Renounce Religion


You were on level 1 of the Vaults.
You worshipped Gozag.
Gozag was most pleased with you.
You visited 8 branches of the dungeon, and saw 36 of its levels.
You also visited: Bailey, Gauntlet, Ice Cave and Wizlab.

You collected 14559 gold pieces.
You spent 4150 gold pieces at shops.
You paid 7383 gold pieces to Gozag.

Inventory:

Hand Weapons
 a - a +6 demon trident of electrocution (weapon)
 b - the +3 sling "Punk" {acid, rCorr}
   (You bought it in a shop on level 8 of the Dungeon)

   Any ammunition fired from it is coated in acid, damaging and corroding those
   it strikes.
   rCorr:     It protects you from acid and corrosion.
 B - the +12 war axe of Intuition {freeze, rC+ Stlth+}
   (You found it on level 6 of the Lair of Beasts)

   It freezes those it strikes, dealing additional cold damage.
   It can also slow down cold-blooded creatures.
   rC:        It protects you from cold.
   Stlth:     It makes you more stealthy.
Missiles
 A - 55 sling bullets
 L - 57 poisoned darts (quivered)
 T - 3 throwing nets
Armour
 f - a +2 pair of boots of rampaging (worn)
 h - the +0 hat of Disappointment (worn) {rCorr Str+3}
   (You found it in a Gauntlet)

   Str:       It affects your strength (+3).
   rCorr:     It protects you from acid and corrosion.
 r - a scarf of resistance (worn)
 t - the +4 pair of gloves "Ekhang" (worn) {rPois Regen+ Slay+2}
   (You found it on level 13 of the Dungeon)

   Slay:      It affects your accuracy & damage with ranged weapons and melee
   (+2).
   rPois:     It protects you from poison.
   Regen:     It increases your rate of health regeneration.
 E - a +4 plate armour of willpower (worn)
 W - the +0 tower shield of the Everdark (worn) {Will+ rCorr MP+9}
   (You bought it in a shop on level 2 of the Orcish Mines)

   MP:        It affects your magic capacity (+9).
   rCorr:     It protects you from acid and corrosion.
   Will:      It increases your willpower.
Jewellery
 s - the ring of Uxteigod (left hand) {rC+ SInv}
   (You took it off a deep elf demonologist on level 2 of the Elven Halls)

   [ring of see invisible]

   rC:        It protects you from cold.
   SInv:      It lets you see invisible.
 u - the ring "Jickufirirch" (right hand) {rElec rF+ rC+ Str+7 Int-2}
   (You bought it in a shop on level 11 of the Dungeon)

   [ring of protection from fire]

   Str:       It affects your strength (+7).
   Int:       It affects your intelligence (-2).
   rF:        It protects you from fire.
   rC:        It protects you from cold.
   rElec:     It insulates you from electricity.
 G - the ring "Socurr" {rF+ Will+ Slay+4}
   (You took it off a deep elf master archer on level 3 of the Elven Halls)

   [ring of slaying]

   Slay:      It affects your accuracy & damage with ranged weapons and melee
   (+4).
   rF:        It protects you from fire.
   Will:      It increases your willpower.
 P - the ring "Irir" {rF+ rN++ Int-5}
   (You took it off a minotaur in a Gauntlet)

   [ring of protection from fire]

   Int:       It affects your intelligence (-5).
   rF:        It protects you from fire.
   rN:        It greatly protects you from negative energy.
 Q - the amulet "Petoumuu" (around neck) {Reflect Int+4 SH+5}
   (You took it off a centaur warrior on level 9 of the Dungeon)

   [amulet of reflection]

   It reflects blocked missile attacks.
   Int:       It affects your intelligence (+4).
   SH:        It affects your SH (+5).
 R - a ring of flight
Wands
 k - a wand of flame (48)
 n - a wand of mindburst (5)
 x - a wand of digging (6)
 D - a wand of acid (5)
 U - a wand of paralysis (10)
 V - a wand of iceblast (26)
Scrolls
 j - 16 scrolls of teleportation
 w - 2 scrolls of holy word
 y - 2 scrolls of fear
 F - 6 scrolls of blinking
 H - 3 scrolls of fog
 K - 2 scrolls of silence
 S - 3 scrolls of immolation
 Y - 2 scrolls of summoning
Potions
 c - 4 potions of cancellation
 d - 4 potions of might
 e - 13 potions of curing
 g - a potion of haste
 l - 4 potions of magic
 m - 4 potions of resistance
 o - a potion of invisibility
 p - 5 potions of lignification
 v - 4 potions of brilliance
 z - a potion of berserk rage
 I - 4 potions of flight
 Z - 2 potions of ambrosia
Miscellaneous
 i - a lightning rod (4/4)
 M - a phantom mirror (inert)
 O - a tin of tremorstones (inert)
 X - a condenser vane


   Skills:
 + Level 15.2 Fighting
 + Level 14.6 Short Blades
 + Level 13.9 Long Blades
 + Level 13.9 Axes
 + Level 13.9 Maces & Flails
 + Level 13.9 Polearms
 + Level 13.9 Staves
 + Level 13.9 Slings
 + Level 13.9 Bows
 + Level 13.9 Crossbows
 + Level 13.9 Throwing
 + Level 15.2 Armour
 + Level 13.9 Dodging
 + Level 13.9 Stealth
 + Level 16.8 Shields
 + Level 14.2 Unarmed Combat
 + Level 13.9 Spellcasting
 + Level 11.8 Conjurations
 + Level 11.8 Hexes
 + Level 11.8 Summonings
 + Level 11.8 Necromancy
 + Level 11.8 Translocations
 + Level 11.8 Transmutations
 + Level 14.3 Fire Magic
 + Level 11.8 Ice Magic
 + Level 11.8 Air Magic
 + Level 11.8 Earth Magic
 + Level 11.8 Poison Magic
 + Level 15.1 Invocations
 + Level 13.9 Evocations


You had 18 spell levels left.
You knew the following spells:

 Your Spells              Type           Power      Damage    Failure   Level
a - Passwall              Tmut/Erth      35%        N/A       1%          2
b - Wereblood             Tmut           42%        N/A       1%          2
c - Mephitic Cloud        Conj/Pois/Air  42%        N/A       2%          3
d - Ignite Poison         Fire/Tmut/Pois 45%        N/A       1%          3
e - Stone Arrow           Conj/Erth      84%        3d12      2%          3
f - Animate Armour        Summ/Erth      84%        N/A       8%          4
g - Summon Lightning Spi  Summ/Air       42%        N/A       8%          4
h - Hailstorm             Conj/Ice       42%        3d10      8%          4
i - Olgreb's Toxic Radia  Pois           42%        N/A       8%          4

Your spell library contained the following spells:

 Spells                   Type           Power      Damage    Failure   Level
 Animate Skeleton         Necr           84%        N/A       1%          1
 Apportation              Tloc           84%        N/A       1%          1
 Foxfire                  Conj/Fire      100%       2x1d9     1%          1
 Pain                     Necr           100%       1d9       1%          1
 Sandblast                Erth           84%        2d18      1%          1
 Summon Small Mammal      Summ           100%       N/A       1%          1
 Ensorcelled Hibernation  Hex/Ice        84%        N/A       1%          2
 Sublimation of Blood     Necr           42%        N/A       1%          2
 Conjure Flame            Conj/Fire      46%        6-21      1%          3
 Inner Flame              Hex/Fire       46%        N/A       1%          3
 Gell's Gravitas          Tloc           42%        N/A       2%          3
 Swiftness                Air            42%        N/A       2%          3
 Teleport Other           Tloc           42%        N/A       2%          3
 Flame Wave               Conj/Fire      46%        2d10      4%          4
 Airstrike                Air            21%        N/A       8%          4
 Animate Dead             Necr           21%        N/A       8%          4
 Cause Fear               Hex            21%        N/A       8%          4
 Fulminant Prism          Conj/Hex       21%        3d13      8%          4
 Ice Form                 Ice/Tmut       42%        N/A       8%          4
 Petrify                  Tmut/Erth      42%        N/A       8%          4
 Summon Ice Beast         Ice/Summ       42%        N/A       8%          4
 Fireball                 Conj/Fire      23%        3d11      13%         5
 Agony                    Necr           42%        N/A       22%         5
 Blade Hands              Tmut           21%        N/A       22%         5
 Excruciating Wounds      Necr           21%        N/A       22%         5
 Freezing Cloud           Conj/Ice/Air   21%        6-21      22%         5
 Irradiate                Conj/Tmut      21%        3d20      22%         5
 Iskenderun's Battlesphe  Conj           42%        2d9       22%         5
 Lightning Bolt           Conj/Air       21%        1d36      22%         5
 Metabolic Englaciation   Hex/Ice        21%        N/A       22%         5
 Starburst                Conj/Fire      23%        6d8       58%         6
 Dispersal                Tloc           21%        N/A       75%         6
 Simulacrum               Ice/Necr       21%        N/A       75%         6
 Statue Form              Tmut/Erth      28%        N/A       75%         6
 Dragon Form              Tmut           21%        N/A       100%        7
 Haunt                    Necr/Summ      21%        N/A       100%        7
 Malign Gateway           Summ/Tloc      21%        N/A       100%        7
 Orb of Destruction       Conj           21%        9d8       100%        7
 Summon Hydra             Summ           21%        N/A       100%        7
 Ignition                 Fire           24%        3d8       100%        8
 Infestation              Necr           21%        N/A       100%        8
 Lehudib's Crystal Spear  Conj/Erth      21%        10d6      100%        8
 Summon Horrible Things   Summ           21%        N/A       100%        8
 Chain Lightning          Conj/Air       21%        3d28      100%        9
 Dragon's Call            Summ           21%        N/A       100%        9
 Fire Storm               Conj/Fire      23%        8d6       100%        9


Dungeon Overview and Level Annotations

Branches:
Dungeon (15/15)            Temple (1/1) D:5            Lair (6/6) D:9
 Shoals (4/4) Lair:3        Snake (4/4) Lair:3        Slime (0/5) Lair:6
    Orc (2/2) D:11            Elf (3/3) Orc:2        Vaults (1/5) D:13
 Depths (0/4) D:15         Bailey (visited)           IceCv (visited)
 WizLab (visited)         Gauntlet (visited)

Altars:
Ashenzari
Cheibriados
Dithmenos
Elyvilon
Fedhas
Gozag
Hepliaklqana
Kikubaaqudgha
Makhleb
Nemelex Xobeh
Okawaru
Qazlal
Ru
Sif Muna
Trog
Uskayaw
Vehumet
Wu Jian
Xom
Yredelemnul
Zin
The Shining One

Shops:
D:2 !   D:4 :   D:7 [   D:8 *(   D:9 *   D:11 =   D:13 :   Orc:2 **[(*
Elf:1 ?   Elf:3 [(!   Shoals:4 =   Snake:4 [   Vaults:1 [

Portals:
Hell: Lair:6
Trove: Elf:3 (give 14 scrolls of teleportation)

Annotations:
D:2 exclusion: 2 downstairs
D:3 exclusion: downstairs
D:5 2 transporters, daba11's ghost, novice FoFi
D:7 exclusion: downstairs
D:13 exclusion: orange crystal statue
Lair:6 2 transporters, daba11's ghost, journeyman MiBe
Shoals:3 Polyphemus
Orc:1 exclusion: downstairs
Elf:2 8 runed translucent doors, exclusion: 8 doors
Vaults:1 Asterion; Sojobo


Innate Abilities, Weirdness & Mutations

You have very sharp teeth.
Your uncanny sense of smell can sniff out nearby items.
Your experience applies equally to all skills.


Message History

Press: ? - help, v - describe, . - travel The floor, spattered with blood.
This square is shrouded in silence.
Unknown command.
Okay, then.
A red film seems to cover your vision as you go berserk!
You feel yourself moving faster!
You feel mighty! You block Asterion's attack. Asterion closely misses you.
You block the blizzard demon's attack.
The blizzard demon completely misses you.
The black draconian knight closely misses you.
Sojobo hits you with a +1 great sword of electrocution!
* * * LOW HITPOINT WARNING * * *
Sojobo pecks you but does no damage. Sojobo claws you but does no damage.
You barely miss the black draconian knight.
The black draconian knight is almost dead.
You block Asterion's attack. Asterion barely misses you.
You block the black draconian knight's attack.
You block the blizzard demon's attack. The blizzard demon hits you!
* * * LOW HITPOINT WARNING * * *
You barely miss the black draconian knight.
The black draconian knight is almost dead.
Asterion hits you with a +3 demon whip of draining!!
* * * LOW HITPOINT WARNING * * *
You feel drained.
* * * LOW HITPOINT WARNING * * *
You block Asterion's attack.
You block Sojobo's attack. x2; Sojobo claws you!
* * * LOW HITPOINT WARNING * * *
The black draconian knight completely misses you.
You are too berserk!
Unknown command.
You completely miss Sojobo.
Sojobo is severely wounded.
The blizzard demon gestures at you. The bolt of lightning hits you! You resist.
* * * LOW HITPOINT WARNING * * *
You block Asterion's attack. x2
The black draconian knight breathes lightning at you.
The bolt of lightning hits you! You resist.
You die...
Your body crumbles into a pile of gold.

.................##......##......
##########.......##########......
,,,,* #.......# #...... ..,,*
#.......# #...^.. ..^.* #.......#
#...... ....* #.......# #......
....* #.......# #...... ....*
#.......# #...... ,,,,*
#.....q@#********#...... *****
#.....H.#*,,,,,,,#......
#.....2Q#*,,,,,,,#......
#.......#*,,,,,,,+......
##########.......#*,,,,,,,#......
.................#*,,,,,,,#......
.................#*,,,,,,,#......
.......§.........#*,,,,,,,#......
.......§.........#*,,,,,,,#......


You could see Sojobo (repels missiles, very poisoned), Asterion (fast, very
poisoned), a black draconian knight (fast, invisible, very poisoned, catching
breath) and a blizzard demon (summoned, unsilenced).

Vanquished Creatures
  Vashnia (Snake:3)
  Rupert (D:12)
  2 deep elf master archers
  An ancient champion (Vaults:1)
  Kirke (Elf:1)
  Gastronok (Lair:1)
  Agnes (D:14)
  4 nagarajas
  14 deep elf sorcerers
  2 revenants (WizLab)
  3 vault wardens (Vaults:1)
  4 frost giants
  4 deep elf elementalists (Elf:3)
  An ironbound preserver (Vaults:1)
  A reaper (Gauntlet)
  Aizul (Snake:4)
  2 very ugly things (Vaults:1)
  Nessos (Lair:6)
  An ironbound thunderhulk (Vaults:1)
  9 deep elf demonologists
  6 deep elf annihilators
  A minotaur (Gauntlet)
  Azrael (D:14)
  A white draconian (IceCv)
  A deep elf death mage (Elf:3)
  2 merfolk impalers
  A fire dragon (Lair:5)
  5 vault guards
  3 deep elf high priests (Elf:3)
  6 ice dragons
  12 naga warriors
  6 boulder beetles
  A salamander tyrant (Snake:4)
  12 hydras
  Harold (Lair:2)
  A hell beast (Lair:6)
  A merfolk avatar (Shoals:3)
  Erica (Lair:2)
  3 ogre magi
  9 ironbound frosthearts (IceCv)
  7 centaur warriors
  14 anacondas
  10 two-headed ogres
  A merfolk aquamancer (Shoals:3)
  13 naga sharpshooters
  4 orc high priests (Orc:2)
  A titan zombie (WizLab)
  12 death yaks
  2 tengu warriors
  9 deep elf knights
  5 shock serpents
  Sonja (D:10)
  10 sea snakes
  6 salamander mystics (Snake:4)
  An orb spider (shapeshifter) (Elf:1)
  An orange crystal statue (IceCv)
  6 deep trolls
  2 necromancers (D:15)
  An ironbound convoker (Vaults:1)
  2 wizards
  9 lindwurms
  6 harpies
  5 deep elf archers
  4 orc knights
  34 deep elf pyromancers
  6 naga ritualists
  20 deep elf zephyrmancers
  41 ugly things
  5 cyclopes
  3 orc sorcerers
  6 manticores
  17 mana vipers
  13 salamanders
  2 elephants (Lair:6)
  A water nymph (Shoals:4)
  4 merfolk sirens
  40 black mambas
  10 guardian serpents
  2 vault sentinels (Vaults:1)
  A centaur zombie (D:11)
  11 naga magi
  3 smoke demons (D:12)
  An orange demon (Lair:6)
  19 cane toads
  16 rime drakes
  12 komodo dragons
  Psyche (D:10)
  7 yaktaurs (Vaults:1)
  2 freezing wraiths
  A yaktaur (shapeshifter) (Elf:3)
  An efreet (D:15)
  4 ice devils (Lair:6)
  A hellwing (Lair:6)
  5 tengu conjurers
  5 trolls
  7 merfolk
  11 polar bears
  A queen bee (shapeshifter) (Elf:3)
  6 wind drakes
  7 blink frogs
  Grinder (D:4)
  5 snapping turtles
  A hornet (D:7)
  A tyrant leech (Gauntlet)
  14 slime creatures
  A meliai zombie (D:9)
  3 dream sheep (Shoals:1)
  A shadow (D:12)
  A culicivora (shapeshifter) (D:15)
  A wraith (D:10)
  4 water elementals
  24 yaks
  7 fire elementals
  A human (D:13)
  10 basilisks
  A fire bat (D:12)
  A human (shapeshifter) (Elf:1)
  A yak (shapeshifter) (D:15)
  6 hogs (Elf:1)
  2 wyverns
  2 steam dragons
  4 vampire mosquitoes
  28 nagas
  2 swamp worms (Gauntlet)
  23 water moccasins
  2 acid dragons
  12 hell hounds
  2 hornet zombies
  An ice beast (D:7)
  A sky beast (D:6)
  2 black bears
  32 orc warriors
  8 ogres
  12 centaurs
  18 wolves
  4 kobold brigands
  4 bullfrogs
  6 earth elementals
  3 gnoll sergeants
  A scorpion (D:5)
  A water moccasin zombie (D:7)
  A wyvern skeleton (D:7)
  4 killer bees
  4 electric eels
  A howler monkey (D:10)
  A lava snake (Lair:5)
  3 hounds
  44 orc priests
  2 centaur skeletons
  4 gnoll shamans
  6 jellies
  37 orc wizards
  Natasha (D:3)
  4 iguanas
  5 hell rats
  A killer bee zombie (D:6)
  A mummy (D:8)
  2 howler monkey zombies
  Robin (D:3)
  25 gnolls
  6 adders
  4 shadow imps
  An ufetubus (D:5)
  A worm (D:3)
  A dart slug (D:4)
  104 orcs
  27 endoplasms
  2 giant cockroaches
  16 goblins
  8 hobgoblins
  6 jackals
  4 ball pythons
  4 bats
  3 frilled lizards (D:1)
  23 kobolds
  9 rats
1207 creatures vanquished.

Vanquished Creatures (collateral kills)
  A deep elf annihilator (Elf:3)
  A merfolk aquamancer (Shoals:4)
  2 sea snakes (Shoals:4)
  A deep elf archer (Elf:3)
  A wizard (Vaults:1)
  A deep elf pyromancer (Elf:3)
  A deep elf zephyrmancer (Elf:3)
  A merfolk siren (Shoals:4)
  A manticore (Shoals:4)
  2 merfolk (Shoals:4)
  A wind drake (Shoals:4)
  2 snapping turtles (Shoals:4)
  2 water elementals (Shoals:4)
17 creatures vanquished.

Vanquished Creatures (others)
  2 merfolk javelineers (Shoals:4)
  A merfolk impaler (Shoals:4)
  A catoblepas (Shoals:3)
  8 dancing weapons
  A merfolk aquamancer (Shoals:4)
  A death yak (Shoals:3)
  A wizard (Lair:6)
  A deep elf pyromancer (Elf:2)
  A harpy (Shoals:4)
  A deep elf zephyrmancer (Elf:2)
  A rime drake (IceCv)
  3 merfolk (Shoals:4)
  A snapping turtle (Shoals:4)
  2 orc wizards
  A bush (Lair:6)
  33 fungi
  74 plants
133 creatures vanquished.

Grand Total: 1357 creatures vanquished

Notes
Turn   | Place    | Note
-------+----------+-------------------------------------------
     0 | D:1      | AarnesTheHuman the Gnoll Fighter began the quest for the
                  | Orb.
     0 | D:1      | Reached XP level 1. HP: 23/23 MP: 1/1
   377 | D:1      | Reached XP level 2. HP: 27/29 MP: 2/2
   907 | D:2      | Reached XP level 3. HP: 29/35 MP: 3/3
   993 | D:1      | Reached skill level 1 in Invocations
  1269 | D:2      | Found Tudyrhig's Distillery.
  1323 | D:2      | Reached skill level 1 in Long Blades
  1323 | D:2      | Reached skill level 1 in Axes
  1323 | D:2      | Reached skill level 1 in Maces & Flails
  1323 | D:2      | Reached skill level 1 in Polearms
  1323 | D:2      | Reached skill level 1 in Staves
  1323 | D:2      | Reached skill level 1 in Slings
  1323 | D:2      | Reached skill level 1 in Bows
  1323 | D:2      | Reached skill level 1 in Crossbows
  1323 | D:2      | Reached skill level 1 in Throwing
  1323 | D:2      | Reached skill level 1 in Dodging
  1323 | D:2      | Reached skill level 1 in Stealth
  1323 | D:2      | Reached skill level 1 in Unarmed Combat
  1323 | D:2      | Reached skill level 1 in Spellcasting
  1323 | D:2      | Reached skill level 1 in Evocations
  1323 | D:2      | Reached XP level 4. HP: 37/41 MP: 5/5
  1379 | D:2      | Bought a potion of curing for 39 gold pieces
  1838 | D:3      | Identified the +2 robe "Ivew" {rN+ Str+4 Dex+3}
  2546 | D:2      | Reached skill level 1 in Conjurations
  2546 | D:2      | Reached skill level 1 in Hexes
  2546 | D:2      | Reached skill level 1 in Summonings
  2546 | D:2      | Reached skill level 1 in Necromancy
  2546 | D:2      | Reached skill level 1 in Translocations
  2546 | D:2      | Reached skill level 1 in Transmutations
  2546 | D:2      | Reached skill level 1 in Fire Magic
  2546 | D:2      | Reached skill level 1 in Ice Magic
  2546 | D:2      | Reached skill level 1 in Air Magic
  2546 | D:2      | Reached skill level 1 in Earth Magic
  2546 | D:2      | Reached skill level 1 in Poison Magic
  2808 | D:3      | Reached XP level 5. HP: 44/47 MP: 6/6
  3578 | D:3      | Noticed Robin
  3612 | D:3      | Killed Robin
  4017 | D:4      | Noticed Grinder
  4160 | D:4      | Reached XP level 6. HP: 52/53 MP: 8/8
  4190 | D:4      | Noticed Natasha
  4427 | D:3      | Killed Natasha
  4577 | D:4      | Reached skill level 5 in Short Blades
  4952 | D:4      | Killed Grinder
  4953 | D:4      | Reached skill level 7 in Shields
  4953 | D:4      | Reached XP level 7. HP: 47/60 MP: 8/10
  5693 | D:4      | Found Siwinul's Self-Improvement Boutique.
  5845 | D:5      | Entered Level 5 of the Dungeon
  6024 | D:5      | Noticed daba11's ghost (novice FoFi)
  6302 | D:5      | Found a staircase to the Ecumenical Temple.
  6315 | Temple   | Entered the Ecumenical Temple
  6487 | Temple   | Became a worshipper of Gozag Ym Sagoz the Greedy
  6639 | D:5      | Found a transporter.
  6642 | D:5      | Found a transporter.
  6760 | D:5      | Found a white marble altar of Elyvilon.
  6764 | D:5      | Reached XP level 8. HP: 67/67 MP: 12/12
  8455 | D:7      | Found an iron altar of Okawaru.
  8588 | D:7      | Reached XP level 9. HP: 62/72 MP: 14/14
  8678 | D:7      | Found Vogroumu's Armour Emporium.
  8728 | D:7      | Found a broken altar of Ashenzari.
  8809 | D:7      | Noticed a hornet
  8827 | D:7      | Killed a hornet
  9402 | D:7      | Found a glowing golden altar of the Shining One.
  9694 | D:8      | Noticed a two-headed ogre
  9730 | D:8      | Reached skill level 8 in Shields
  9760 | D:8      | Reached skill level 5 in Invocations
  9935 | D:8      | Noticed a two-headed ogre
  9957 | D:8      | Killed a two-headed ogre
  9958 | D:8      | Reached XP level 10. HP: 48/80 MP: 15/17
  9990 | D:8      | Found a flagged portal.
  9997 | Bailey   | Entered a bailey
 10240 | Bailey   | Noticed an orc knight
 10326 | Bailey   | Noticed an orc knight
 10378 | Bailey   | Reached skill level 5 in Long Blades
 10378 | Bailey   | Reached skill level 5 in Axes
 10378 | Bailey   | Reached skill level 5 in Maces & Flails
 10378 | Bailey   | Reached skill level 5 in Polearms
 10378 | Bailey   | Reached skill level 5 in Staves
 10378 | Bailey   | Reached skill level 5 in Slings
 10378 | Bailey   | Reached skill level 5 in Bows
 10378 | Bailey   | Reached skill level 5 in Crossbows
 10378 | Bailey   | Reached skill level 5 in Throwing
 10378 | Bailey   | Reached skill level 5 in Dodging
 10378 | Bailey   | Reached skill level 5 in Stealth
 10378 | Bailey   | Reached skill level 5 in Unarmed Combat
 10378 | Bailey   | Reached skill level 5 in Spellcasting
 10378 | Bailey   | Reached skill level 5 in Evocations
 10782 | Bailey   | Killed an orc knight
 11016 | Bailey   | Killed an orc knight
 11290 | D:8      | Found Amoh's Antique Weapon Boutique.
 12275 | D:8      | Killed a two-headed ogre
 12577 | D:8      | Found a snail-covered altar of Cheibriados.
 12583 | D:8      | Reached XP level 11. HP: 79/87 MP: 19/19
 13191 | D:9      | Bought a scroll of silence for 150 gold pieces
 13407 | D:9      | Found a staircase to the Lair.
 13604 | D:9      | Reached skill level 9 in Shields
 13704 | D:9      | Noticed a manticore
 13705 | D:9      | Noticed a centaur warrior
 13878 | D:9      | Noticed a cyclops
 13884 | D:9      | Killed a cyclops
 13885 | D:9      | Reached skill level 5 in Conjurations
 13885 | D:9      | Reached skill level 5 in Hexes
 13885 | D:9      | Reached skill level 5 in Summonings
 13885 | D:9      | Reached skill level 5 in Necromancy
 13885 | D:9      | Reached skill level 5 in Translocations
 13885 | D:9      | Reached skill level 5 in Transmutations
 13885 | D:9      | Reached skill level 5 in Fire Magic
 13885 | D:9      | Reached skill level 5 in Ice Magic
 13885 | D:9      | Reached skill level 5 in Air Magic
 13885 | D:9      | Reached skill level 5 in Earth Magic
 13885 | D:9      | Reached skill level 5 in Poison Magic
 13888 | D:9      | Noticed a red ugly thing
 13898 | D:9      | Killed a red ugly thing
 13907 | D:9      | Got the Incunabulum of Confrontation and Clay
 14171 | D:9      | Got Faufiv's Papyrus of Arcane Weapons
 14214 | D:9      | Killed a manticore
 14502 | D:9      | Noticed a centaur warrior
 14575 | D:9      | Killed a centaur warrior
 14832 | D:9      | Noticed a centaur warrior
 14844 | D:9      | Killed a centaur warrior
 14989 | D:9      | Identified the amulet "Petoumuu" {Reflect Int+4 SH+5}
 15002 | D:9      | Killed a centaur warrior
 15131 | Lair:1   | Entered Level 1 of the Lair of Beasts
 15131 | Lair:1   | Noticed a six-headed hydra
 15155 | D:9      | Killed a six-headed hydra
 15899 | Lair:1   | Noticed a six-headed hydra
 15910 | Lair:1   | Killed a six-headed hydra
 15911 | Lair:1   | Reached XP level 12. HP: 59/96 MP: 22/22
 16313 | Lair:1   | Noticed Gastronok
 16332 | Lair:1   | Killed Gastronok
 16695 | Lair:1   | You fall into a shaft and drop 1 floor!
 16754 | Lair:2   | Noticed Harold
 16767 | Lair:2   | Killed Harold
 16861 | Lair:2   | Noticed a four-headed hydra
 17310 | Lair:1   | Identified the +2 robe of Words of Power {rC+ Int+2}
 17503 | Lair:1   | Reached skill level 10 in Fighting
 17503 | Lair:1   | Reached skill level 10 in Armour
 17503 | Lair:1   | Reached skill level 10 in Shields
 18152 | Lair:2   | Noticed Erica
 18438 | Lair:2   | Killed a four-headed hydra
 19021 | Lair:2   | Killed Erica
 19121 | D:8      | Bought the +3 sling "Punk" {acid, rCorr} for 1367 gold
                  | pieces
 19121 | D:8      | Found the +3 sling "Punk" {acid, rCorr}
 20009 | Lair:3   | Reached XP level 13. HP: 70/103 MP: 24/24
 20009 | Lair:3   | Found a staircase to the Shoals.
 20977 | Lair:3   | Found a staircase to the Snake Pit.
 25501 | Lair:5   | Reached skill level 10 in Short Blades
 25501 | Lair:5   | Reached skill level 11 in Shields
 25600 | Lair:5   | Reached XP level 14. HP: 113/113 MP: 26/26
 26642 | Lair:5   | Identified a scroll of acquirement
 26642 | Lair:5   | Acquired a +0 pair of boots of rampaging
 26706 | Lair:6   | Entered Level 6 of the Lair of Beasts
 26865 | Lair:6   | Noticed daba11's ghost (journeyman MiBe)
 27477 | Lair:6   | Found a transporter.
 27654 | Lair:5   | Reached skill level 10 in Invocations
 28057 | Lair:6   | Found a staircase to the Slime Pits.
 28170 | Lair:6   | Found a transporter.
 29023 | Lair:6   | Noticed Nessos
 29033 | Lair:6   | Killed Nessos
 29538 | Lair:6   | Found a burning altar of Makhleb.
 29831 | Lair:6   | Found a gateway to Hell.
 29840 | Lair:6   | Identified the +12 war axe of Intuition {freeze, rC+
                  | Stlth+}
 30040 | D:10     | Entered Level 10 of the Dungeon
 30058 | D:10     | Noticed Sonja
 30063 | D:10     | Killed Sonja
 30351 | D:10     | Found a sacrificial altar of Ru.
 30415 | D:10     | Noticed Psyche
 30423 | D:10     | Killed Psyche
 31192 | D:11     | Found a staircase to the Orcish Mines.
 31302 | D:11     | Reached XP level 15. HP: 93/120 MP: 28/28
 31665 | D:11     | Found a stormy altar of Qazlal.
 31885 | Orc:1    | Entered Level 1 of the Orcish Mines
 32164 | Orc:2    | Entered Level 2 of the Orcish Mines
 32528 | Orc:2    | Found Hesiz's Mayhem Merchandise.
 33088 | Orc:2    | Found a staircase to the Elven Halls.
 34572 | Orc:2    | Found Vetiora's Assorted Antiques.
 34573 | Orc:2    | Found Naurutt's Antique Weapon Shoppe.
 34574 | Orc:2    | Found Ziagacag's Assorted Antiques.
 34578 | Orc:2    | Found Babbaxt's Armour Emporium.
 34585 | Orc:2    | Bought a jewelled tower shield for 275 gold pieces
 34585 | Orc:2    | Identified the +0 tower shield of the Everdark {Will+ rCorr
                  | MP+9} (You bought it in a shop on level 2 of the Orcish
                  | Mines)
 34609 | Orc:2    | Bought a scarf of resistance for 352 gold pieces
 34892 | D:11     | Bought the ring "Jickufirirch" {rElec rF+ rC+ Str+7 Int-2}
                  | for 847 gold pieces
 35023 | D:12     | Reached skill level 10 in Long Blades
 35023 | D:12     | Reached skill level 10 in Axes
 35023 | D:12     | Reached skill level 10 in Maces & Flails
 35023 | D:12     | Reached skill level 10 in Polearms
 35023 | D:12     | Reached skill level 10 in Staves
 35023 | D:12     | Reached skill level 10 in Slings
 35023 | D:12     | Reached skill level 10 in Bows
 35023 | D:12     | Reached skill level 10 in Crossbows
 35023 | D:12     | Reached skill level 10 in Throwing
 35023 | D:12     | Reached skill level 10 in Dodging
 35023 | D:12     | Reached skill level 10 in Stealth
 35023 | D:12     | Reached skill level 10 in Unarmed Combat
 35023 | D:12     | Reached skill level 10 in Spellcasting
 35023 | D:12     | Reached skill level 10 in Evocations
 36041 | D:12     | Reached skill level 12 in Shields
 36299 | D:12     | Noticed Rupert
 36312 | D:12     | Killed Rupert
 36949 | D:13     | Found a gate leading to a gauntlet.
 36961 | Gauntlet | Entered a Gauntlet
 36961 | Gauntlet | Found a transporter.
 36969 | Gauntlet | Found a runed translucent gate.
 36970 | Gauntlet | Found a transporter.
 36970 | Gauntlet | Found a runed translucent gate.
 36971 | Gauntlet | Found a transporter.
 36972 | Gauntlet | Found a transporter.
 36975 | Gauntlet | Found a transporter.
 36976 | Gauntlet | Found a transporter.
 36977 | Gauntlet | Found a large runed translucent door.
 36978 | Gauntlet | Found a large runed translucent door.
 36979 | Gauntlet | Found a large runed translucent door.
 36979 | Gauntlet | Found a large runed translucent door.
 36979 | Gauntlet | Found a runed translucent door.
 36980 | Gauntlet | Found a large runed translucent door.
 36981 | Gauntlet | Found a large runed translucent door.
 36982 | Gauntlet | Found a large runed translucent door.
 36982 | Gauntlet | Found a large runed translucent door.
 36983 | Gauntlet | Found a runed translucent door.
 36983 | Gauntlet | Found a runed translucent gate.
 36983 | Gauntlet | Found a runed translucent gate.
 36983 | Gauntlet | Found a runed translucent gate.
 36983 | Gauntlet | Found a runed translucent gate.
 36985 | Gauntlet | Found a transporter.
 36994 | Gauntlet | Found a transporter.
 37004 | Gauntlet | Found a transporter.
 37021 | Gauntlet | Found a transporter.
 37025 | Gauntlet | Found a transporter.
 37034 | Gauntlet | Found a transporter.
 37094 | Gauntlet | Found a large runed translucent door.
 37095 | Gauntlet | Found a large runed translucent door.
 37096 | Gauntlet | Found a large runed translucent door.
 37096 | Gauntlet | Found a large runed translucent door.
 37097 | Gauntlet | Found a large runed translucent door.
 37098 | Gauntlet | Found a large runed translucent door.
 37099 | Gauntlet | Found a large runed translucent door.
 37099 | Gauntlet | Found a large runed translucent door.
 37228 | Gauntlet | Identified the +0 hat of Disappointment {rCorr Str+3}
 37341 | Gauntlet | Identified the +1 glaive "Jaagomu" {venom, Drain rElec rC++
                  | rCorr}
 37341 | Gauntlet | Identified the ring "Irir" {rF+ rN++ Int-5}
 37367 | Gauntlet | Identified the ring "Owallonu" {Ice SInv Stlth+}
 37811 | D:13     | Found the +7 Spriggan's Knife {stab, EV+4 Stlth+}
 38077 | D:13     | Found Juffut's Book Shoppe.
 38569 | D:13     | Found a gate to the Vaults.
 38996 | D:13     | Identified the +4 pair of gloves "Ekhang" {rPois Regen+
                  | Slay+2}
 39119 | D:14     | Noticed Agnes
 39126 | D:14     | Killed Agnes
 39162 | D:14     | Found a bloodstained altar of Trog.
 39533 | D:14     | Reached XP level 16. HP: 101/128 MP: 30/30
 39589 | D:14     | Noticed Azrael
 39608 | D:14     | Killed Azrael
 40093 | D:15     | Entered Level 15 of the Dungeon
 40199 | D:15     | Learned a level 2 spell: Passwall
 40266 | D:14     | Learned a level 2 spell: Wereblood
 41017 | D:15     | Found a staircase to the Depths.
 41081 | D:15     | Reached skill level 10 in Fire Magic
 41569 | Snake:1  | Entered Level 1 of the Snake Pit
 42177 | Snake:2  | Noticed a nagaraja
 42183 | Snake:2  | Killed a nagaraja
 43148 | Snake:3  | Found a frozen archway.
 43161 | Snake:3  | Reached skill level 13 in Shields
 43187 | IceCv    | Entered an ice cave
 43194 | IceCv    | Reached XP level 17. HP: 125/136 MP: 32/32
 43811 | IceCv    | Reached XP level 18. HP: 143/143 MP: 33/33
 44410 | IceCv    | Reached skill level 10 in Conjurations
 44410 | IceCv    | Reached skill level 10 in Hexes
 44410 | IceCv    | Reached skill level 10 in Summonings
 44410 | IceCv    | Reached skill level 10 in Necromancy
 44410 | IceCv    | Reached skill level 10 in Translocations
 44410 | IceCv    | Reached skill level 10 in Transmutations
 44410 | IceCv    | Reached skill level 10 in Ice Magic
 44410 | IceCv    | Reached skill level 10 in Air Magic
 44410 | IceCv    | Reached skill level 10 in Earth Magic
 44410 | IceCv    | Reached skill level 10 in Poison Magic
 45018 | D:4      | Bought a manual of Shields for 1120 gold pieces
 46422 | Snake:4  | Entered Level 4 of the Snake Pit
 46801 | Snake:4  | Noticed Vashnia
 46995 | Snake:3  | Killed Vashnia
 47821 | Snake:3  | Reached skill level 14 in Shields
 48287 | Snake:4  | Noticed Aizul
 48299 | Snake:4  | Killed Aizul
 48903 | Snake:4  | Reached XP level 19. HP: 145/151 MP: 35/35
 50176 | Snake:4  | Got a serpentine rune of Zot
 50299 | Snake:4  | Found Egoz's Superior Scales.
 50500 | Shoals:1 | Entered Level 1 of the Shoals
 50603 | Shoals:4 | Entered Level 4 of the Shoals
 50992 | Shoals:3 | Reached skill level 15 in Shields
 51004 | Shoals:3 | Noticed Polyphemus
 51054 | Shoals:4 | Found Ecuem's Jewellery Emporium.
 51203 | Shoals:4 | Found the +9 staff of Olgreb {rPois∞}
 51290 | Shoals:4 | Got a barnacled rune of Zot
 52179 | Elf:1    | Entered Level 1 of the Elven Halls
 52320 | Elf:1    | Found Eheig's Magic Scroll Shop.
 52448 | Elf:1    | Noticed Kirke
 52500 | Elf:1    | Killed Kirke
 52925 | Elf:1    | Reached XP level 20. HP: 157/160 MP: 37/37
 52969 | Elf:1    | Got the Papyrus of Supportive Conjuration
 53278 | Elf:1    | Learned a level 3 spell: Mephitic Cloud
 53661 | Orc:2    | Learned a level 3 spell: Ignite Poison
 53665 | Orc:2    | Learned a level 3 spell: Stone Arrow
 53670 | Orc:2    | Learned a level 4 spell: Animate Armour
 53675 | Orc:2    | Learned a level 4 spell: Summon Lightning Spire
 53680 | Orc:2    | Learned a level 4 spell: Hailstorm
 53783 | Elf:2    | Got the Grimoire of Combat Magic
 54222 | Elf:2    | Found a runed translucent gate.
 54222 | Elf:2    | Found a runed translucent gate.
 54222 | Elf:2    | Found a runed translucent gate.
 54264 | Elf:2    | Found a huge runed translucent gate.
 54264 | Elf:2    | Found a huge runed translucent gate.
 54264 | Elf:2    | Found a huge runed translucent gate.
 54264 | Elf:2    | Found a huge runed translucent gate.
 54264 | Elf:2    | Found a huge runed translucent gate.
 54497 | Elf:3    | Entered Level 3 of the Elven Halls
 54651 | Elf:3    | Found Xiysolomo's Antique Armour Shoppe.
 54717 | Elf:3    | Found a portal to a secret trove of treasure.
 54757 | Elf:3    | Found Dipyfizu's Distillery.
 54757 | Elf:3    | Found Wigutt's Weapon Shop.
 55398 | Elf:3    | Reached skill level 16 in Shields
 55669 | Elf:3    | Identified the +6 falchion of Voecilasoe {vorpal, rPois
                  | rN+}
 55669 | Elf:3    | Identified the ring of Uxteigod {rC+ SInv}
 55714 | Elf:3    | Noticed a Tzitzimitl
 56688 | Elf:3    | Identified the ring "Socurr" {rF+ Will+ Slay+4}
 56824 | Elf:3    | Noticed a Brimstone Fiend
 57110 | Elf:3    | Noticed a Brimstone Fiend
 57624 | Elf:3    | Noticed a Brimstone Fiend
 58302 | Elf:3    | Found Xiysolomo's Antique Armour Shoppe.
 58477 | Elf:3    | Found a portal to a secret trove of treasure.
 58774 | Elf:3    | Identified the +9 mace "Veto" {protect, Dex+3}
 58780 | Elf:3    | Reached skill level 15 in Fighting
 58780 | Elf:3    | Reached skill level 15 in Armour
 59443 | Elf:3    | Found the +8 storm bow {elec, penet}
 59482 | Elf:3    | Got the Grimoire of Virous Ignition
 59807 | Vaults:1 | Entered Level 1 of the Vaults
 60229 | Vaults:1 | Found Faogant's Antique Armour Shop.
 60360 | Vaults:1 | Reached XP level 21. HP: 168/168 MP: 38/38
 60424 | Vaults:1 | Found a magical portal.
 60434 | WizLab   | Entered Borgnjor's Mausoleum
 60487 | WizLab   | Reached skill level 15 in Invocations
 61131 | Vaults:1 | Learned a level 4 spell: Olgreb's Toxic Radiance
 61215 | Vaults:1 | Noticed Sojobo
 61215 | Vaults:1 | Noticed Asterion
 61228 | Vaults:1 | Paralysed by an air elemental for 1 turns
 61236 | Vaults:1 | Paralysed by an air elemental for 1 turns
 61240 | Vaults:1 | Paralysed by an air elemental for 1 turns
 61244 | Vaults:1 | Paralysed by an air elemental for 1 turns
 61252 | Vaults:1 | Paralysed by an air elemental for 1 turns
 61256 | Vaults:1 | HP: 11/223 [Sojobo/+1 great sword of electrocution (7)]
 61257 | Vaults:1 | HP: 2/223 [blizzard demon/bolt of lightning[Asterion] (9)]
 61258 | Vaults:1 | Killed from afar by a black draconian knight

Illustrated notes

Levels and vault maps discovered:
D:1:      dpeg_arrival_long_road, layout_basic, minmay_hedge_maze
D:2:      layout_rooms, serial_shops, shop, minmay_pentomino_t2
D:3:      layout_rooms, uniq_robin
D:4:      layout_rooms, corexii_item_surrounded_by_moat, nicolae_shop_self_help,
          uniq_grinder, uniq_natasha
D:5:      layout_rooms, elyvilon_altar_5, minmay_temple_entry_junction,
          gammafunk_ghost_arena
D:6:      layout_loops_ring
D:7:      layout_cave_pools, mainiacjoe_overflow_24_doors,
          nicolae_ashenzari_skybound, mainiacjoe_overflow_surrounded_room,
          serial_gnoll_camp, gnoll_camp_mini_shop, gnoll_camp_mini_hut,
          gnoll_camp_mini_hut, gnoll_camp_mini_basic, gnoll_camp_mini_house,
          columned_hall_lemuel
D:8:      layout_basic, chei_slow_surprise, serial_shops,
          nicolae_shop_behind_doors, serial_curves, eino_curves_01,
          eino_curves_01, enter_bailey_3, serial_bayou_lagoon_a
D:9:      minmay_the_grid_triangle_9x9_recursive_2
          [minmay_the_grid_triangle_9x9_prize_schism,
          minmay_the_grid_triangle_9x9_steps,
          minmay_the_grid_triangle_9x9_corrupted_corridor,
          minmay_the_grid_triangle_9x9_wacky_v], layout_irregular_city,
          kennysheep_cross_room
D:10:     layout_loops_ring, mainiacjoe_overflow_boulevard, uniq_sonja,
          uniq_psyche
D:11:     layout_gridville, david_orc_3, special_room [special_room_orc],
          small_statue_intersection, grunt_qazlal_clouds
D:12:     minmay_firetagon, layout_basic, special_room [special_room_orc],
          nrook_guardian_serpent_ordinary, uniq_rupert
D:13:     layout_stronghold, grunt_vaults_entry_fortified, serial_shops,
          nicolae_shop_window_shopping, gauntlet_entry_generic,
          minmay_protected_statue
D:14:     layout_irregular_city, bloody_trog, uniq_azrael, uniq_agnes
D:15:     hangedman_depths_entry_civil_slaughter, layout_basic,
          roderic_lattice_octagonal_star
Temple:   eino_temple_rhombus
Lair:1:   lemuel_slime, layout_hall_layers, patterned_corridor,
          grunt_megastairs_1, serial_bayou_shore_b, uniq_gastronok
Lair:2:   layout_chaotic_city, serial_bayou_shore_a, uniq_harold, uniq_erica
Lair:3:   layout_concentric_octagons, elwin_shoals_entry_stream,
          minmay_snake_entry_guardpost_small
Lair:4:   layout_gridlike, nicolae_lair_grove_arrangements,
          grunt_forest_small_clearings, grunt_megastairs_5, lemuel_fruit_tree
Lair:5:   dragon1_lemuel, layout_misc_corridors, cheibrodos_lair_lostbears,
          grunt_megastairs_4
Lair:6:   evil_forest, layout_loops_ring, nicolae_slime_entry_slimehenge,
          nzn_ghost_randoct, st_stairs_10, uniq_nessos
Shoals:1: layout_shoals, nicolae_shoals_water_elemental_grotto
Shoals:2: layout_shoals
Shoals:3: layout_shoals, ebering_ghost_rock_garden,
          nicolae_shoals_spring_well_temple, uniq_polyphemus
Shoals:4: shoals_end_grunt_ice, layout_shoals, serial_shops, shop,
          nicolae_square_shop, shop
Snake:1:  layout_rooms, grunt_ministairs_9
Snake:2:  layout_grid_maze, nicolae_snake_shapes
Snake:3:  layout_honeycomb, portal_ice_cave_entry_pillars_2, grunt_ministairs_4,
          st_stairs_5, hangedman_snake_wide_pillar_pass
Snake:4:  snake_pit_salamanders_mu, layout_gridlike, grunt_ministairs_14,
          hellmonk_scale_shop, uniq_vashnia, uniq_aizul
Orc:1:    layout_diamond_mine, minmay_orc_temple_a
Orc:2:    st_orc_mages, layout_diamond_mine, minmay_shop_mayhem
Elf:1:    layout_geoelf_octagon, serial_shops, nicolae_shop_advertising_works
          [nicolae_subvault_shop_adworks], minmay_elf_sorcery, uniq_kirke
Elf:2:    elven_hall_of_blades_hangedman_alternative
          [nicolae_blade_entry_diamond_columns], layout_geoelf_grid,
          serial_corexii_hall, corexii_hall_statues_l,
          chequers_hall_statues_corner_a,
          ploomutoo_gammafunk_ghost_potion_laboratory, minmay_elf_annihilation,
          uniq_louise
Elf:3:    minmay_elf_hall_x, layout_geoelf_octagon,
          nicolae_trove_entry_crossroad, serial_shops,
          nicolae_shop_temple_entry_statues_fountains, minmay_shoptagon
Vaults:1: mu_enter_wizlab_6, nicolae_vaults_network_periphery, sword_in_stone,
          nicolae_vaults_alarming, grunt_vaults_diagonal, vaults_room_pool,
          v_misc_27, layout_vaults_omnigrid, serial_shops, shop, uniq_asterion

Skill      XL: |  1  2  3  4  5  6  7  8  9 10 11 12 13 14 15 16 17 18 19 20 21 |
---------------+----------------------------------------------------------------+-----
Invocations    | 1 2 3 4 5 6 7 8 9 10 11 12 13 14 15 | 15.1
Long Blades    | 1 2 3 4 5 6 7 8 9 10 11 12 13 | 13.9
Axes           | 1 2 3 4 5 6 7 8 9 10 11 12 13 | 13.9
Maces & Flails | 1 2 3 4 5 6 7 8 9 10 11 12 13 | 13.9
Polearms       | 1 2 3 4 5 6 7 8 9 10 11 12 13 | 13.9
Staves         | 1 2 3 4 5 6 7 8 9 10 11 12 13 | 13.9
Slings         | 1 2 3 4 5 6 7 8 9 10 11 12 13 | 13.9
Bows           | 1 2 3 4 5 6 7 8 9 10 11 12 13 | 13.9
Crossbows      | 1 2 3 4 5 6 7 8 9 10 11 12 13 | 13.9
Throwing       | 1 2 3 4 5 6 7 8 9 10 11 12 13 | 13.9
Dodging        | 1 2 3 4 5 6 7 8 9 10 11 12 13 | 13.9
Stealth        | 1 2 3 4 5 6 7 8 9 10 11 12 13 | 13.9
Unarmed Combat | 1 2 3 4 5 6 7 8 9 10 11 12 13 14 | 14.2
Spellcasting   | 1 2 3 4 5 6 7 8 9 10 11 12 13 | 13.9
Evocations     | 1 2 3 4 5 6 7 8 9 10 11 12 13 | 13.9
Conjurations   | 1 2 3 4 5 6 7 8 9 10 11 | 11.8
Hexes          | 1 2 3 4 5 6 7 8 9 10 11 | 11.8
Summonings     | 1 2 3 4 5 6 7 8 9 10 11 | 11.8
Necromancy     | 1 2 3 4 5 6 7 8 9 10 11 | 11.8
Translocations | 1 2 3 4 5 6 7 8 9 10 11 | 11.8
Transmutations | 1 2 3 4 5 6 7 8 9 10 11 | 11.8
Fire Magic     | 1 2 3 4 5 6 7 8 9 10 11 12 13 14 | 14.3
Ice Magic      | 1 2 3 4 5 6 7 8 9 10 11 | 11.8
Air Magic      | 1 2 3 4 5 6 7 8 9 10 11 | 11.8
Earth Magic    | 1 2 3 4 5 6 7 8 9 10 11 | 11.8
Poison Magic   | 1 2 3 4 5 6 7 8 9 10 11 | 11.8
Short Blades   | 5 6 7 8 9 10 11 12 13 14 | 14.6
Fighting       | 7 8 9 10 11 12 13 14 15 | 15.2
Armour         | 7 8 9 10 11 12 13 14 15 | 15.2
Shields        | 7 8 9 10 11 12 13 14 15 16 | 16.8

Action                   |  1- 3 |  4- 6 |  7- 9 | 10-12 | 13-15 | 16-18 | 19-21 || total
-------------------------+-------+-------+-------+-------+-------+-------+-------++-------
Melee: Dagger            |   198 |   271 |   388 |   893 |   168 |       |       ||  1918
       Bite              |    16 |    27 |    40 |   124 |   149 |    59 |   113 ||   528
       Rapier            |     2 |       |       |       |       |       |       ||     2
       Trident           |       |       |       |       |   453 |       |       ||   453
       War axe           |       |       |       |       |   378 |   483 |    81 ||   942
       Demon trident     |       |       |       |       |       |       |   749 ||   749
 Fire: Hunting sling     |       |    65 |    76 |   195 |       |       |       ||   336
       Fustibalus        |       |       |       |    32 |   500 |   473 |   429 ||  1434
Throw: Stone             |       |     4 |       |       |       |       |       ||     4
       Dart              |       |       |       |     2 |     3 |       |       ||     5
       Throwing net      |       |       |       |     1 |     3 |       |       ||     4
 Cast: Mephitic Cloud    |       |       |       |       |       |       |    19 ||    19
       Wereblood         |       |       |       |       |       |       |    11 ||    11
       Summon Lightning  |       |       |       |       |       |       |     9 ||     9
       Stone Arrow       |       |       |       |       |       |       |     6 ||     6
       Animate Armour    |       |       |       |       |       |       |     6 ||     6
       Ignite Poison     |       |       |       |       |       |       |     3 ||     3
       Hailstorm         |       |       |       |       |       |       |     2 ||     2
       Olgreb's Toxic Ra |       |       |       |       |       |       |     6 ||     6
Invok: Call Merchant     |       |       |       |     1 |     1 |       |       ||     2
       Potion Petition   |       |       |       |       |     3 |     1 |     2 ||     6
       Bribe Branch      |       |       |       |       |       |       |     1 ||     1
Evoke: Wand              |       |       |       |    18 |     1 |       |     1 ||    20
       Tin of tremorston |       |       |       |     2 |       |       |     4 ||     6
       Lightning rod     |       |       |       |     4 |     1 |       |     4 ||     9
       Phantom mirror    |       |       |       |     1 |     1 |       |     1 ||     3
       Condenser vane    |       |       |       |       |       |     1 |     1 ||     2
  Use: Scroll            |       |     5 |    11 |     2 |    15 |     2 |    11 ||    46
       Potion            |       |       |     1 |       |     5 |     2 |     6 ||    14
 Stab: Distracted        |       |       |       |     3 |     9 |    10 |    18 ||    40
       Paralysed         |       |       |       |     1 |     2 |       |       ||     3
       Held in net/web   |       |       |       |     1 |     2 |       |     1 ||     4
       Invisible         |       |       |       |       |     3 |       |       ||     3
       Confused          |       |       |       |       |       |       |    10 ||    10
       Sleeping          |       |       |       |       |       |       |     1 ||     1
Armor: Scale mail        |    18 |       |       |       |       |       |       ||    18
       Plate armour      |    52 |    90 |   162 |   331 |   339 |   192 |   261 ||  1427
Dodge: Dodged            |    21 |    35 |    64 |   140 |   304 |   133 |   145 ||   842
Block: Buckler           |    35 |    30 |    42 |       |       |       |       ||   107
       Kite shield       |       |       |    51 |   562 |   714 |       |       ||  1327
       Reflection        |       |       |     1 |    11 |    42 |    83 |    61 ||   198
       Tower shield      |       |       |       |       |   238 |   603 |   699 ||  1540
